 Dungeon Crawl Stone Soup version 0.29.0-4-gdea44cf6ec (webtiles) character file.

Game seed: 16727683403476862468

36 qw the Chopper (level 3, 0/21 HPs)
             Began as a Tengu Warper on Aug 28, 2022.
             Succumbed to their own poison gas
             ... on level 1 of the Dungeon.
             The game lasted 00:00:07 (667 turns).

qw the Chopper (Tengu Warper)                        Turns: 667, Time: 00:00:07

Health: 0/21       AC:  3    Str: 13    XL:     3   Next: 37%
Magic:  7/7        EV: 11    Int: 13    God:
Gold:   59         SH:  0    Dex: 11    Spells: 6/6 levels left

rFire   . . .      SeeInvis .   Y - +0 hand axe (venom)
rCold   . . .      Faith    .   (no shield)
rNeg    . . .      Spirit   .   b - +0 leather armour
rPois   .          Reflect  .   (helmet restricted)
rElec   .          Harm     .   (no cloak)
rCorr   .          Rampage  .   (no gloves)
Will    .....      Clarity  +   (boots unavailable)
Stlth   +.........              (no amulet)
HPRegen 0.07/turn               (no ring)
MPRegen 0.10/turn               (no ring)

@: lethally poisoned (0 -> -3)
A: beak, talons 3, antennae 1, clarity, clumsy 1
a: no special abilities


You were on level 1 of the Dungeon.
You visited 1 branch of the dungeon, and saw 1 of its levels.

You collected 59 gold pieces.


Innate Abilities, Weirdness & Mutations

You have a beak for a mouth.
You have claws for feet.
You have a pair of small antennae on your head.
You possess an exceptional clarity of mind.
You are clumsy. (Dex -2)


   Skills:
 - Level 2.0 Fighting
 + Level 4.1 Axes
 - Level 1.0 Throwing
 - Level 1.1 Armour
 - Level 2.1 Dodging
 - Level 2.0 Spellcasting
 - Level 2.4 Translocations


You had 6 spell levels left.
You didn't know any spells.
Your spell library contained the following spells:

 Spells                   Type           Power      Damage    Failure   Level
 Blink                    Tloc           14%        N/A       19%         2
 Gell's Gravitas          Tloc           7%         N/A       36%         3
 Lesser Beckoning         Tloc           7%         N/A       36%         3
 Teleport Other           Tloc           7%         N/A       36%         3
 Manifold Assault         Tloc           7%         N/A       98%         5

Inventory:

Hand Weapons
 e - a +0 whip
 Y - a +0 hand axe of venom (weapon)
Armour
 b - a +0 leather armour (worn)
Potions
 g - a potion of mutation
 j - a potion of attraction {unknown}

Dungeon Overview and Level Annotations

Branches:
Dungeon (1/15)

Altars:


Message History

Done exploring.
656 ||| READING scroll labelled MAOKOSKIERR.
As you read the scroll labelled MAOKOSKIERR, it crumbles to dust.
It is a scroll of identify.
Really abort (and waste the scroll)?
Done exploring.
657 ||| DRINKING 2 metallic coppery potions.
It was a potion of mutation.
You feel extremely strange. A pair of antennae grows on your head!
You feel clumsy.
Your thoughts seem clearer.
Done exploring.
658 ||| DROPPING scroll of blinking.
You drop a scroll of blinking.
Done exploring.
(D) Dungeon
Where to? (* - list waypoints, ? - help)
What level of the Dungeon? (default 1, ? - help) Sorry, I don't know how to get there.
Done exploring.
659 ||| Stepping randomly (stuck).
Really walk into that cloud of poison gas?
You are engulfed in poison gas.
You are poisoned.
You feel very sick.
660 ||| Stepping ~*~*~tactically~*~*~ (cloud).
You feel very sick.
Things that are here:
a scroll of blinking; an amulet of magic regeneration
There is a lethal amount of poison in your body!
You feel sick.
There is a lethal amount of poison in your body!
You feel sick.
There is a lethal amount of poison in your body!
You feel sick.
There is a lethal amount of poison in your body!
You feel sick.
There is a lethal amount of poison in your body!
You feel sick.
There is a lethal amount of poison in your body!
You feel sick.
There is a lethal amount of poison in your body!
You die...

#.P~~~~~~.(# #.#
#0.0~~0~..(# #.#
#0.000~0¤..# #.#
#0000~0~~¤¤#
#####..
#.0P~0~.¤P.#
#......
#.000P~0~.0#
#.####.
##7~0~¤~.0.#
#.###.. ##00~¤7...#
#.##...
#.@P.P00#####.#....
######### #.......
#...8..8 #.......
##...... ##.#...
#..#.. ##.... #####


There were no monsters in sight!

Vanquished Creatures
  A dart slug (D:1)
  4 ball pythons (D:1)
  3 bats (D:1)
  An endoplasm (D:1)
  A giant cockroach (D:1)
  4 hobgoblins (D:1)
  2 jackals (D:1)
  3 kobolds (D:1)
  2 quokkas (D:1)
  2 frilled lizards (D:1)
  5 goblins (D:1)
  A rat (D:1)
29 creatures vanquished.

Vanquished Creatures (others)
  A plant (D:1)
1 creature vanquished.

Grand Total: 30 creatures vanquished

Notes
Turn   | Place    | Note
-------+----------+-------------------------------------------
     0 | D:1      | qw the Tengu Warper began the quest for the Orb.
     0 | D:1      | Reached XP level 1. HP: 12/12 MP: 4/4
     0 | D:1      | 0 ||| qw: Version: 0.1-a-89-g26bdef1
     0 | D:1      | 0 ||| qw: Game counter: 3330
     0 | D:1      | 0 ||| qw: Always use a shield: true
     0 | D:1      | 0 ||| qw: God list: Okawaru
     0 | D:1      | 0 ||| qw: Allow faded altars: false
     0 | D:1      | 0 ||| qw: Do Orc after D:15 true
     0 | D:1      | 0 ||| qw: Do second Lair branch before Depths: true
     0 | D:1      | 0 ||| qw: Lair rune preference: random
     0 | D:1      | 0 ||| qw: Plans: Normal
     0 | D:1      | 0 ||| PLANNING D:1-11
    35 | D:1      | 35 ||| Stepping ~*~*~tactically~*~*~ (stealth).
    40 | D:1      | 40 ||| Stepping ~*~*~tactically~*~*~ (stealth).
    57 | D:1      | Reached skill level 3 in Axes
    57 | D:1      | Reached XP level 2. HP: 17/17 MP: 6/6
   173 | D:1      | Found a faded altar of an unknown god.
   364 | D:1      | Reached XP level 3. HP: 21/21 MP: 7/7
   388 | D:1      | 388 ||| Stepping ~*~*~tactically~*~*~ (stealth).
   389 | D:1      | 389 ||| Stepping ~*~*~tactically~*~*~ (stealth).
   412 | D:1      | Reached skill level 4 in Axes
   652 | D:1      | 652 ||| DROPPING amulet of magic regeneration.
   653 | D:1      | 653 ||| READING scroll labelled GUPOUB VIAK.
   654 | D:1      | 654 ||| READING 2 scrolls labelled NEFRUD NOCW.
   655 | D:1      | 655 ||| READING scroll of brand weapon.
   655 | D:1      | 655 ||| BRANDING +0 vorpal hand axe.
   656 | D:1      | 656 ||| READING scroll labelled MAOKOSKIERR.
   657 | D:1      | 657 ||| DRINKING 2 metallic coppery potions.
   657 | D:1      | Gained mutation: You have a pair of small antennae on your
                  | head. [potion of mutation]
   657 | D:1      | Gained mutation: You are clumsy. (Dex -2) [potion of
                  | mutation]
   657 | D:1      | Gained mutation: You possess an exceptional clarity of
                  | mind. [potion of mutation]
   658 | D:1      | 658 ||| DROPPING scroll of blinking.
   659 | D:1      | 659 ||| Stepping randomly (stuck).
   660 | D:1      | 660 ||| Stepping ~*~*~tactically~*~*~ (cloud).
   663 | D:1      | HP: 4/21 [poisoned by you (poison gas)]
   666 | D:1      | HP: 1/21 [poisoned by you (poison gas)]
   667 | D:1      | Succumbed to their own poison gas

Levels and vault maps discovered:
D:1:      grunt_arrival_lava_bath, layout_basic,
          hellmonk_ecumenical_altar_blasted, serial_bayou_pond_b,
          minmay_ruptured

Skill      XL: |  1  2  3 |
---------------+----------+-----
Axes           | 3 4 |  4.1
Fighting       | |  2.0
Throwing       | |  1.0
Armour         | |  1.1
Dodging        | |  2.1
Spellcasting   | |  2.0
Translocations | |  2.4

Action                   || total
-------------------------++-------
Melee: Hand axe          ||    49
       Peck              ||     8
       Kick              ||     8
       Punch             ||     1
Throw: Boomerang         ||     7
  Use: Scroll            ||     4
       Potion            ||     1
Armor: Leather armour    ||    10
Dodge: Dodged            ||    31

Table legend:
 A = Non-vault XP
 B = Vault XP
 C = Vault XP percentage of total XP
 D = Non-vault monster count
 E = Vault monster count
 F = Vault count percentage of total count
                 A         B        C        D         E       F
            +---------+---------+-------+---------+---------+-------
      Total |      40 |      12 |  23.1 |      23 |       6 |  20.7
            +---------+---------+-------+---------+---------+-------
        D:1 |      40 |      12 |  23.1 |      23 |       6 |  20.7
            +---------+---------+-------+---------+---------+-------
